 Dungeon Crawl Stone Soup version 0.29.1-12-g30fa7ad0bf (webtiles) character file.

Game seed: 12966909632653576054

261 croobank the Conjurer (level 5, -2/35 HPs)
             Began as a Demonspawn Conjurer on Dec 25, 2022.
             Slain by Natasha (9 damage)
             ... on level 2 of the Dungeon.
             The game lasted 00:05:32 (2203 turns).

croobank the Conjurer (Demonspawn Conjurer)         Turns: 2203, Time: 00:05:32

Health: -2/35      AC:  2    Str:  7    XL:     5   Next: 96%
Magic:  5/9        EV: 12    Int: 21    God:
Gold:   102        SH:  0    Dex: 12    Spells: 4/10 levels left

rFire   . . .      SeeInvis .   c - staff of conjuration
rCold   . . .      Faith    .   (no shield)
rNeg    . . .      Spirit   .   a - +0 robe
rPois   .          Reflect  .   (helmet restricted)
rElec   .          Harm     .   (no cloak)
rCorr   .          Rampage  .   (no gloves)
Will    .....                   (no boots)
Stlth   ++........              (no amulet)
HPRegen 0.11/turn               (no ring)
MPRegen 0.11/turn               (no ring)

@: very slightly contaminated, slowed, very slow
A: horns 1
a: no special abilities


You were on level 2 of the Dungeon.
You visited 1 branch of the dungeon, and saw 2 of its levels.

You collected 102 gold pieces.

Inventory:

Hand Weapons
 k - a +0 dagger
Missiles
 m - 3 poisoned darts
Armour
 a - a +0 robe (worn)
 j - an orb of wrath
Magical Staves
 c - a staff of conjuration (weapon)
Scrolls
 g - a scroll of enchant armour {unknown}
 h - a scroll of brand weapon {unknown}
 l - a scroll of enchant weapon {unknown}
 n - 2 scrolls of fear {unknown}
 o - a scroll of immolation {unknown}
 q - a scroll of identify {unknown}
Potions
 d - 3 potions of curing
 e - a potion of attraction {unknown}
 i - a potion of heal wounds {unknown}
 p - a potion of mutation {unknown}
 r - a potion of invisibility {unknown}
 s - a potion of berserk rage {unknown}


   Skills:
 + Level 3.2 Dodging
 + Level 3.3 Stealth
 + Level 3.3 Spellcasting
 + Level 5.0 Conjurations


You had 4 spell levels left.
You knew the following spells:

 Your Spells              Type           Power      Damage    Failure   Level
a - Magic Dart            Conj           100%       1d8       1%          1
b - Searing Ray           Conj           72%        2d7       2%          2
c - Dazzling Flash        Conj/Hex       42%        N/A       14%         3

Your spell library contained the following spells:

 Spells                   Type           Power      Damage    Failure   Level
 Fulminant Prism          Conj/Hex       10%        3d9       41%         4
 Iskenderun's Mystic Bla  Conj/Tloc      21%        2d6       41%         4


Dungeon Overview and Level Annotations

Branches:
Dungeon (2/15)

Altars:

Shops:
D:1 :

Annotations:
D:2 Natasha


Innate Abilities, Weirdness & Mutations

You have a pair of small horns on your head.


Message History

Aiming: Magic Dart (safe; 1% risk of failure)
Press: ? - help, Shift-Dir - straight line, f - Natasha
Aim: Natasha (wandering, hasn't noticed you, 100% to hit)
You feel a surge of power!
The magic dart hits Natasha but does no damage.
Natasha casts a spell at you.
You feel yourself slow down.
Casting: Magic Dart (safe; 1% risk of failure)
Confirm with . or Enter, or press ? or * to list all spells.
Aiming: Magic Dart (safe; 1% risk of failure)
Press: ? - help, Shift-Dir - straight line, f/p - Natasha
Aim: Natasha (100% to hit)
You feel a surge of power!
The magic dart hits Natasha but does no damage.
Casting: Magic Dart (safe; 1% risk of failure)
Confirm with . or Enter, or press ? or * to list all spells.
Aiming: Magic Dart (safe; 1% risk of failure)
Press: ? - help, Shift-Dir - straight line, f/p - Natasha
Aim: Natasha (100% to hit)
You feel a surge of power!
The magic dart hits Natasha.
Natasha is lightly wounded.
Casting: Magic Dart (safe; 1% risk of failure)
Confirm with . or Enter, or press ? or * to list all spells.
Aiming: Searing Ray (safe; 2% risk of failure)
Press: ? - help, Shift-Dir - straight line, f/p - Natasha
Aim: Natasha (lightly wounded, 76% to hit)
You feel a surge of power!
You miscast Searing Ray.
You are very lightly contaminated with residual magic.
Nothing appears to happen.
Natasha barely misses you. x2
You hit Natasha.
Natasha is moderately wounded.
Natasha claws you.
You closely miss Natasha.
Natasha is moderately wounded.
Natasha casts a spell at you. The magic dart hits you!
* * * LOW HITPOINT WARNING * * *
Natasha claws you!
You die...

# #.#..........#####.#.##.##.##
#####.#...................<.##.#
......#..........#.......##.##.#
#######..................#.....#
##..............##.##...###.#..##
##.####.................###.#..#.
.............#.................##
##....#....#.#.h.#..#............
##....#....#.#..@................
##....#....#.##..#..#...##..##.#.
##....#.....................##.#.
#......................<.........
##..###.......#..##.........[....
..............#..##.#...##.######
##..###.#..##.#..##........##
##..# #.#..##.#.............#
##..# #.....................#####


You could see Natasha.

Vanquished Creatures
  Sigmund (D:2)
  Natasha (twice) (D:2)
  A dart slug (D:2)
  3 endoplasms
  3 giant cockroaches (D:2)
  4 goblins
  2 hobgoblins
  7 jackals (D:2)
  3 kobolds (D:2)
  3 quokkas
  4 ball pythons
  5 bats
  2 frilled lizards
  6 rats
46 creatures vanquished.

Notes
Turn   | Place    | Note
-------+----------+-------------------------------------------
     0 | D:1      | croobank the Demonspawn Conjurer began the quest for the
                  | Orb.
     0 | D:1      | Reached XP level 1. HP: 13/13 MP: 3/3
   136 | D:1      | Found Coruf's Vocational Training.
   394 | D:1      | Gained mutation: You have a pair of small horns on your
                  | head. [demonic ancestry]
   394 | D:1      | Reached XP level 2. HP: 14/19 MP: 0/5
   739 | D:2      | Noticed Natasha
   829 | D:2      | Noticed Sigmund
   832 | D:2      | Learned a level 2 spell: Searing Ray
   836 | D:2      | Killed Sigmund
   837 | D:2      | Reached XP level 3. HP: 14/24 MP: 1/7
   837 | D:2      | Reached XP level 4. HP: 18/30 MP: 1/8
   837 | D:2      | Reached XP level 5. HP: 21/35 MP: 1/9
   878 | D:2      | Killed Natasha
  2044 | D:2      | Learned a level 3 spell: Dazzling Flash
  2167 | D:2      | Noticed Natasha
  2180 | D:2      | Killed Natasha
  2181 | D:2      | Reached skill level 5 in Conjurations
  2196 | D:2      | Noticed Natasha
  2203 | D:2      | Slain by Natasha

Illustrated notes

Levels and vault maps discovered:
D:1:      dpeg_arrival_court, layout_rooms, grunt_decor_junction,
          nicolae_shop_vocational
D:2:      layout_basic, uniq_natasha, uniq_sigmund

Skill      XL: |  1  2  3  4  5 |
---------------+----------------+-----
Dodging        | 2 3 |  3.2
Stealth        | 2 3 |  3.3
Spellcasting   | 3 |  3.3
Conjurations   | 5 |  5.0

Action                   |  1- 3 |  4- 6 || total
-------------------------+-------+-------++-------
Melee: Staff             |       |     6 ||     6
       Headbutt          |       |     1 ||     1
 Cast: Magic Dart        |    29 |    47 ||    76
       Searing Ray       |     1 |     6 ||     7
  Use: Potion            |     1 |     1 ||     2
       Scroll            |       |     1 ||     1
 Stab: Sleeping          |       |     1 ||     1
Armor: Robe              |     1 |     2 ||     3
Dodge: Dodged            |     3 |     7 ||    10
